 Dungeon Crawl Stone Soup version 0.28-a0-779-g3d1f99b579 (webtiles) character file.

Game seed: 17710195801466002716

165 ders the Skirmisher (level 5, -2/34 HPs)
             Began as a Gargoyle Fighter on Nov 2, 2021.
             Slain by a scorpion (6 damage)
             ... on level 4 of the Dungeon.
             The game lasted 00:03:54 (3377 turns).

ders the Skirmisher (Gargoyle Fighter)              Turns: 3377, Time: 00:03:54

Health: -2/34      AC: 12    Str: 24    XL:     5   Next: 46%
Magic:  5/5        EV: 10    Int:  8    God:
Gold:   104        SH:  4    Dex:  9    Spells: 4/4 levels left

rFire   . . .      SeeInvis .   q - +0 mace (holy)
rCold   . . .      Faith    .   c - +0 buckler
rNeg    + . .      Spirit   .   b - +0 scale mail
rPois   ∞          Reflect  .   d - +0 helmet of Sopriji {Str+3}
rElec   +          Harm     .   (no cloak)
rCorr   .          Rampage  .   (no gloves)
Will    .....                   (no boots)
Stlth   ..........              (no amulet)
HPRegen 0.11/turn               (no ring)
MPRegen 0.09/turn               (no ring)

@: no status effects
A: sickness immunity, AC +4, negative energy resistance 1, electricity
resistance, torment resistance 1, petrification resistance
a: no special abilities


You were on level 4 of the Dungeon.
You visited 1 branch of the dungeon, and saw 4 of its levels.

You collected 104 gold pieces.

Inventory:

Hand Weapons
 a - a +0 flail
 q - a +0 mace of holy wrath (weapon)
Armour
 b - a +0 scale mail (worn)
 c - a +0 buckler (worn)
 d - the +0 helmet of Sopriji (worn) {Str+3}
   (You took it off Robin on level 2 of the Dungeon)

   Str:       It affects your strength (+3).
Wands
 p - a wand of flame (12)
Scrolls
 f - a scroll of amnesia {unknown}
 g - 5 scrolls of identify {unknown}
 i - 3 scrolls of fog {unknown}
 j - a scroll of enchant armour {unknown}
 n - a scroll of fear {unknown}
 s - 3 scrolls of blinking {unknown}
Potions
 e - a potion of invisibility {unknown}
 h - a potion of brilliance {unknown}
 k - a potion of heal wounds {unknown}
 l - a potion of berserk rage {unknown}
 m - 2 potions of degeneration {unknown}
 o - a potion of cancellation {unknown}
 r - a potion of might


   Skills:
 * Level 4.5 Fighting
 * Level 3.4 Maces & Flails
 - Level 4.1 Armour
 - Level 4.0 Shields


You had 4 spell levels left.
You didn't know any spells.
Your spell library contained the following spells:

 Spells                   Type           Power      Damage    Failure   Level
 Inner Flame              Hex/Fire       0%         N/A       97%         3
 Cause Fear               Hex            0%         N/A       100%        4
 Iskenderun's Battlesphe  Conj           0%         2d6       100%        5
 Iron Shot                Conj/Erth      0%         9d1       100%        6
 Spellforged Servitor     Conj/Summ      0%         N/A       100%        7
 Discord                  Hex            0%         N/A       100%        8


Dungeon Overview and Level Annotations

Branches:
Dungeon (4/15)
 Temple: D:4-7

Altars:

Shops:
D:1 (

Annotations:
D:4 4 runed translucent doors


Innate Abilities, Weirdness & Mutations

You are immune to sickness and miasma.
Your stone body is resilient. (AC +4)
You are immune to poison.
You resist negative energy. (rN+)
You are resistant to electric shocks. (rElec)
You are resistant to unholy torment.
You are immune to petrification.


Message History

The scorpion is lightly wounded.
You block the scorpion's attack.
You hit the scorpion.
The scorpion is moderately wounded.
The scorpion stings you but does no damage.
The scorpion stings you.
You barely miss the scorpion.
The scorpion is moderately wounded.
The scorpion barely misses you.
You closely miss the scorpion.
The scorpion is moderately wounded.
The scorpion stings you.
The scorpion stings you but does no damage.
You barely miss the scorpion.
The scorpion is moderately wounded.
The scorpion completely misses you.
You barely miss the scorpion.
The scorpion is moderately wounded.
The scorpion stings you! The scorpion stings you.
You hit the scorpion.
The scorpion is moderately wounded.
The scorpion closely misses you.
You closely miss the scorpion.
The scorpion is moderately wounded.
The scorpion stings you but does no damage. x2
You hit the scorpion but do no damage.
The scorpion is moderately wounded.
The scorpion closely misses you.
You closely miss the scorpion.
The scorpion is moderately wounded.
The scorpion stings you.
You hit the scorpion.
The scorpion is moderately wounded.
The scorpion closely misses you. x2
You hit the scorpion.
The scorpion is heavily wounded.
The scorpion stings you!
* * * LOW HITPOINT WARNING * * *
The scorpion stings you.
You die...

#.# .# ####....####
##.#####.#..........[..
#<.....................
##.###..######.........
#......##8)[8##.......#
######.#8....8#.......#
#.+.....g+.......#
##.+.....o+.s..#
####..#8....8#@####
##.....##8!"8##.####
#.......######.....##
#...###'# #'###..#
#..## #†# #.. ##.# #..#
#.## ##.# #.# #..# ##
## #.### #..# #...#
#..# #...#


You could see a gnoll shaman, a scorpion and an orc.

Vanquished Creatures
  Terence (D:2)
  Robin (D:2)
  3 adders
  2 worms
  6 dart slugs
  An orc (D:3)
  7 endoplasms
  2 giant cockroaches (D:1)
  13 goblins
  8 hobgoblins
  5 jackals
  10 kobolds
  4 ball pythons
  6 bats
  4 frilled lizards
  8 rats
81 creatures vanquished.

Notes
Turn   | Place    | Note
-------+----------+-------------------------------------------
     0 | D:1      | ders the Gargoyle Fighter began the quest for the Orb.
     0 | D:1      | Reached XP level 1. HP: 14/14 MP: 1/1
   142 | D:1      | Reached XP level 2. HP: 12/19 MP: 2/2
   258 | D:1      | Found Zaani's Weapon Emporium.
   510 | D:1      | Reached XP level 3. HP: 21/23 MP: 3/3
   839 | D:1      | Found a faded altar of an unknown god.
  1371 | D:2      | Identified the +0 helmet of Sopriji {Str+3}
  1371 | D:2      | Noticed Robin
  1474 | D:2      | Reached XP level 4. HP: 26/29 MP: 4/4
  1482 | D:2      | Killed Robin
  1737 | D:2      | Noticed Terence
  1761 | D:2      | Killed Terence
  2131 | D:2      | Reached XP level 5. HP: 29/33 MP: 5/5
  3278 | D:4      | Found a large runed translucent door.
  3279 | D:4      | Found a large runed translucent door.
  3356 | D:4      | Found a large runed translucent door.
  3356 | D:4      | Found a large runed translucent door.
  3377 | D:4      | Slain by a scorpion

Illustrated notes

Levels and vault maps discovered:
D:1:      mrwooster_arrival_statue, layout_rooms, serial_shops,
          nicolae_shop_trees, basic_ecumenical_altar
D:2:      layout_basic, chequers_serial_rivers_micro_b, uniq_terence, uniq_robin
D:3:      layout_loops_ring
D:4:      kennysheep_spiral_hall, layout_basic, nicolae_overflow_hidden_temple,
          serial_shops, kennysheep_mini, minmay_hollow_rounded_squares

Skill      XL: |  1  2  3  4 |
---------------+-------------+-----
Armour         | 4 |  4.1
Fighting       | 4 |  4.5
Maces & Flails | 3 |  3.4
Shields        | 4 |  4.0

Action                   |  1- 3 |  4- 6 || total
-------------------------+-------+-------++-------
Melee: Flail             |   137 |    41 ||   178
       Mace              |       |   107 ||   107
  Use: Potion            |       |     1 ||     1
Armor: Scale mail        |   105 |    52 ||   157
Dodge: Dodged            |    91 |    74 ||   165
Block: Buckler           |    36 |    31 ||    67

Table legend: (Time is in decaauts)
 A = Elapsed time spent in this place.
 B = Non-inter-level travel time spent in this place.
 C = Inter-level travel time spent in this place.
 D = Time resting spent in this place.
 E = Time spent auto-exploring this place.
 F = Levels seen in this place.
 G = Mean time per level.
                   A        B        C        D        E       F      G
               +--------+--------+--------+--------+--------+-----+--------+
         Total |   3453 |   3373 |     80 |   1020 |   1646 |   4 |  863.2 |
       Dungeon |   3453 |   3373 |     80 |   1020 |   1646 |   4 |  863.2 |
               +--------+--------+--------+--------+--------+-----+--------+

Top non-repeatable levels by time:
     D:2: 1304 daAuts
     D:1: 1041 daAuts
     D:3: 996 daAuts
     D:4: 111 daAuts
